[Event "XII Cracow ICC-A 2024"]
[Site "Krakow"]
[Date "2024.06.22"]
[Round "1.1"]
[White "Moussard, Jules"]
[Black "Rudzinska, Michalina"]
[Result "1/2-1/2"]
[ECO "D35"]
[WhiteElo "2610"]
[BlackElo "2290"]
[Annotator "TA"]
[PlyCount "136"]
[EventDate "2024.06.20"]
[EventType "swiss"]
[EventCountry "POL"]
[SourceTitle "playchess.com"]
[Source "ChessBase"]
[SourceQuality "1"]
[TimeControl "40/5400+30:1800+30"]

1. c4 e6 2. Nc3 d5 3. d4 Nf6 4. cxd5 exd5 5. Bg5 Bb4 6. e3 h6 7. Bh4 g5 8. Bg3 h5 9. Bd3 h4 10. Be5 Nc6 11. Qb3 Rh6 12. Nge2 Ng4 13. Bg7 Rd6 14. h3 Nf6 15. O-O-O Be6 16. f4 Bxc3 17. Nxc3 (17. Qxc3 Qe7 $11 (17... Ne4 18. Bxe4 dxe4 19. d5 $16)) 17... Nh5 {[%emt 0:00:48] [#]} 18. Bh6 $1 gxf4 19. Nb5 (19. Qxb7 $2 Rb8 20. Qa6 Bc8 $19) (19. exf4 $18 {is the precise move to win. Threatens to win with Rhe1.} Qd7 20. Nb5 (20. Qxb7 Rb8 $16)) 19... fxe3 $16 20. Nxd6+ (20. Qa3 {feels hotter.} Rc8 21. Rhe1 a6 22. Nxd6+ Qxd6 23. Qb3) 20... Qxd6 21. Bxe3 (21. Qxb7 $2 Rb8 22. Qa6 Bc8 $19 (22... Nxd4 $2 23. Qxd6 cxd6 24. Bxe3 $18)) (21. Bg5 $16) 21... O-O-O 22. Qa3 ({Better is} 22. Rhf1 $16) 22... Qg3 $11 23. Be2 (23. Bb5 $14) 23... Nf4 $11 24. Bxf4 Qxf4+ 25. Rd2 Nxd4 26. Bd3 Rd6 27. Rf1 Rc6+ 28. Kd1 Qh6 29. Rff2 Qh5+ 30. Be2 Nxe2 31. Rfxe2 Qf5 32. Ke1 Rc1+ 33. Rd1 Rxd1+ 34. Kxd1 d4 35. Qf8+ Kd7 36. Qb4 $1 Qb1+ (36... Bxa2 $2 {perishes.} 37. Qa4+ (37. Qxd4+ Bd5 $16) 37... b5 38. Qxa2 $18) 37. Kd2 d3 38. Qd4+ Kc8 39. Qxd3 Qxb2+ ({But not} 39... Qxa2 $6 40. Ke1 $16) 40. Ke1 Qc1+ 41. Kf2 Qf4+ 42. Qf3 Qd6 43. Qe4 Qc5+ 44. Re3 Qe7 45. a3 Kb8 46. Qf4 b6 47. g3 hxg3+ 48. Kxg3 Qc5 49. h4 a5 50. a4 Kc8 51. Qe4 Qd6+ 52. Kf2 Qh2+ 53. Ke1 Qg1+ 54. Kd2 Qh2+ 55. Kc3 Kb8 $1 56. Rd3 Ka7 57. Re3 Kb8 58. Re2 Qg3+ 59. Kd2 Qd6+ 60. Ke1 Qg3+ 61. Rf2 {[%emt 0:00:00] [#]} (61. Kd2 $11 {was the only way to keep the balance.}) 61... Qc3+ (61... Bg4 $1 $17 62. Qf4 Qxh4) 62. Rd2 $1 $11 Qg3+ 63. Kd1 ({White should play} 63. Rf2 $11) 63... Bb3+ (63... Bg4+ $15 64. Kc2 Qxh4) 64. Ke2 $11 Qh2+ 65. Ke3 Qg3+ 66. Ke2 Qh2+ 67. Ke3 Qg3+ 68. Ke2 Qh2+ 1/2-1/2

[Event "XII Cracow ICC-A 2024"]
[Site "Krakow"]
[Date "2024.06.22"]
[Round "1.2"]
[White "Arnav Maheshwari"]
[Black "Fier, Alexandr"]
[Result "0-1"]
[ECO "E46"]
[WhiteElo "2290"]
[BlackElo "2602"]
[Annotator "TA"]
[PlyCount "52"]
[EventDate "2024.06.20"]
[EventType "swiss"]
[EventCountry "POL"]
[SourceTitle "playchess.com"]
[Source "ChessBase"]
[SourceQuality "1"]
[TimeControl "40/5400+30:1800+30"]

1. d4 Nf6 2. c4 e6 3. Nc3 Bb4 4. e3 O-O 5. Bd2 d5 6. Nf3 b6 7. cxd5 exd5 8. Ne5 Bd6 9. Bd3 Re8 10. Bb5 {[%emt 0:08:39] The position is equal.} Re6 11. Nc6 (11. f4 $11) 11... Qf8 $1 $15 12. Qa4 a6 (12... Bb7 $17 {White must now prevent ...a6.} 13. Nxb8 Qxb8) 13. Nxb8 $11 Rxb8 14. Bc6 b5 15. Qb3 (15. Qc2 $1 $11 {and White is okay.}) 15... Rb6 $1 $36 {[%emt 0:06:30][%mdl 2048] Black has strong initiative.} 16. Bxd5 {[%emt 0:03:45] [#]} b4 $1 17. Na4 Nxd5 18. Qxd5 Bb7 19. Qb3 Rb5 (19... Bxg2 $19 20. Rg1 Rg6 21. Nxb6 Bd5 (21... cxb6 22. Rc1 $11) 22. Nxd5 Rxg1+ 23. Ke2 Rxa1 24. Nxb4 Qb8 (24... Bxh2 $2 25. Nxa6 Qc8 26. Nc5 $19)) 20. f3 $17 Qe7 {[%emt 0:01:34] Black is more active.} 21. Nc5 Qh4+ (21... Rxc5 $6 22. dxc5 Qh4+ 23. Kf1 Bxc5 24. Rc1 $11) 22. Ke2 $2 (22. g3 $17 Qh5 (22... Qxd4 $2 {is the wrong capture.} 23. Nxe6 Qe5 24. Nd4 $18) (22... Bxg3+ 23. Ke2 $15) 23. Nxb7 Qxf3 24. Rf1 Qxb7 25. O-O-O) 22... Rg6 ({Black should try} 22... Bxc5 $19 23. dxc5 Rg6 (23... Rxc5 24. Qxb4 Qxb4 25. Bxb4 $15)) 23. g3 $2 {[%emt 0:03:21][%mdl 8192] [#] Loses the game.} (23. Nxb7 $17 Rxg2+ 24. Kd3 Rxb7 25. Rhg1 Qxh2 (25... Rxh2 26. Qd5 $17) 26. Rxg2 Qxg2 27. Qd5) 23... Bxf3+ $1 $19 24. Kxf3 (24. Kd3 Qg4) 24... Qg4+ 25. Kg2 Qe2+ 26. Kg1 Bxg3 {[%emt 0:00:11] Weighted Error Value: White=0.97/Black=0.20 (precise) .  Loses game:     	White=2     	---        Mistake:       	White=3     	Black=3      Inaccurate:     	White=1     	Black=2      OK:         	White=5     	Black=3      Best:        	White=1     	Black=2      Strong:       	---       	Black=3      Brilliant:      	---       	Black=1} 0-1

[Event "XII Cracow ICC-A 2024"]
[Site "Krakow"]
[Date "2024.06.22"]
[Round "1.3"]
[White "Gumularz, Szymon"]
[Black "Rudolf, Michal"]
[Result "1-0"]
[ECO "A11"]
[WhiteElo "2593"]
[BlackElo "2287"]
[Annotator "TA"]
[PlyCount "55"]
[EventDate "2024.06.20"]
[EventType "swiss"]
[EventCountry "POL"]
[SourceTitle "playchess.com"]
[Source "ChessBase"]
[SourceQuality "1"]
[TimeControl "40/5400+30:1800+30"]

1. c4 c6 2. Nf3 d5 3. g3 Bg4 4. Ne5 Be6 5. d4 Nd7 6. Nf3 Bg4 7. Bg2 e6 8. O-O Ngf6 9. h3 Bxf3 10. Bxf3 Bd6 11. Qd3 {[%emt 0:01:28] The position is equal.} O-O 12. Nc3 Re8 13. Bg2 h6 14. Rd1 Qe7 15. b3 Rad8 16. c5 Bc7 17. f4 b5 (17... e5 $5 18. fxe5 (18. dxe5 Nh5 $14) 18... Nxe5 19. dxe5 Bxe5 $11) 18. cxb6 Bxb6 19. Na4 c5 (19... Bc7 $11) 20. Ba3 $16 Rc8 21. Rac1 Rc6 (21... Bc7 $142) 22. Kh2 Rec8 23. Rc2 {[%emt 0:05:26] White is more active.} R6c7 (23... Qe8 $16) 24. Rdc1 $18 Ne8 (24... Qd6 {is a better defense.} 25. dxc5 Nxc5) 25. dxc5 Nxc5 26. Nxc5 Bxc5 27. Rxc5 Rxc5 28. Qd4 {[%emt 0:00:19] Prevents Nf6.   Weighted Error Value: White=0.05 (flawless) /Black=0.33.  Mistake:       	---       	Black=4      Inaccurate:     	White=1     	Black=2      OK:         	White=5     	Black=5      Best:        	White=2     	Black=1} 1-0

[Event "XII Cracow ICC-A 2024"]
[Site "Krakow"]
[Date "2024.06.22"]
[Round "1.4"]
[White "Srinath, Rao S.V."]
[Black "Samunenkov, Ihor"]
[Result "1/2-1/2"]
[ECO "C47"]
[WhiteElo "2278"]
[BlackElo "2532"]
[Annotator "RC"]
[PlyCount "111"]
[EventDate "2024.06.20"]
[EventType "swiss"]
[EventCountry "POL"]
[SourceTitle "playchess.com"]
[Source "ChessBase"]
[SourceQuality "1"]
[TimeControl "40/5400+30:1800+30"]

1. e4 e5 2. Nf3 Nf6 3. Nc3 Nc6 4. a3 d5 5. Bb5 Nxe4 6. Qe2 Nxc3 7. Qxe5+ Be7 8. Qxc3 O-O 9. Bxc6 bxc6 10. d4 Ba6 11. Qxc6 Qc8 12. Bf4 Bb7 13. Qc3 Qg4 14. Be5 Qe4+ 15. Kf1 Rfe8 16. Re1 Qf5 17. Kg1 Rac8 18. h3 c5 19. Qd2 c4 20. Kh2 c3 21. bxc3 Bxa3 22. Ra1 Bb2 23. Rxa7 Bxc3 24. Qe3 f6 25. Rxb7 fxe5 26. Nxe5 Bxd4 27. Qxd4 Qxe5+ 28. Qxe5 Rxe5 29. Ra1 h5 30. Raa7 Rg5 31. Rc7 Rf8 32. f3 Rf4 33. Ra8+ Kh7 34. Re8 h4 35. Rce7 Rd4 36. Re5 Rxe5 37. Rxe5 Kh6 38. Kg1 Rd2 39. Kf1 Rxc2 40. Rxd5 g5 41. Rd6+ Kg7 42. Re6 Ra2 43. Re2 Ra3 44. Kf2 Kf6 45. Rb2 Kf5 46. Rb5+ Kf4 47. Rb4+ Kf5 48. Re4 Ra2+ 49. Re2 Ra3 50. Rb2 Kf4 51. Rb4+ Kf5 52. Rg4 Ra2+ 53. Ke3 Ra3+ 54. Kf2 Ra2+ 55. Ke3 Ra3+ 56. Kf2 1/2-1/2

[Event "XII Cracow ICC-A 2024"]
[Site "Krakow"]
[Date "2024.06.22"]
[Round "1.5"]
[White "Kelires, Andreas"]
[Black "Lohia, Sohum"]
[Result "1/2-1/2"]
[ECO "C50"]
[WhiteElo "2515"]
[BlackElo "2270"]
[Annotator "TA"]
[PlyCount "117"]
[EventDate "2024.06.20"]
[EventType "swiss"]
[EventCountry "POL"]
[SourceTitle "playchess.com"]
[Source "ChessBase"]
[SourceQuality "1"]
[TimeControl "40/5400+30:1800+30"]

1. e4 e5 2. Nf3 Nc6 3. Bc4 Nf6 4. d3 Bc5 5. O-O d6 6. c3 a5 7. Re1 O-O 8. h3 h6 9. Nbd2 Be6 10. Bb5 Qb8 11. Bxc6 bxc6 12. d4 exd4 13. cxd4 Bb6 14. Qc2 Qa7 15. Qxc6 Bxd4 16. Nxd4 Qxd4 17. Nf3 Qc4 18. Qxc4 Bxc4 19. Bd2 Rfe8 20. e5 dxe5 21. Nxe5 Bd5 22. f3 a4 23. a3 Re6 24. Rac1 Rae8 25. Nd3 Rxe1+ 26. Bxe1 c6 27. Nc5 Ra8 28. Rd1 Bc4 29. Rd4 Bb5 30. Bd2 Nd5 31. Ne4 Rd8 32. Nc3 Rd7 (32... Rb8 $1 $14) 33. Nxa4 $16 {[%emt 0:01:58] White is more active.} Bxa4 34. Rxa4 {[%emt 0:00:01][%mdl 4096] Endgame. KRB-KRN} Nb6 35. Rb4 Rxd2 36. Rxb6 {[%emt 0:00:04][%cal Oa3a4] KR-KR} c5 37. Rb8+ Kh7 38. Rb5 c4 39. a4 Rc2 40. a5 c3 41. bxc3 Rxc3 42. a6 (42. Kf2 $142) 42... Ra3 43. Rb6 h5 44. Rc6 f6 45. Kf2 h4 46. Ke2 {[%emt 0:00:00] [#] And now Kd2 would win.} Kg6 47. Kd2 {[%emt 0:00:00] Kc1 would now be deadly.} Kf5 48. Kc2 {[%emt 0:00:00] Kb2 is the strong threat.} (48. Rc7 {simplifies} Rxa6 49. Rxg7 Ke5 50. Ke3) 48... Kf4 {[%emt 0:00:00] The position is equal.} 49. Rc4+ (49. Kb2 $5 Ra5 $8 50. Rc4+ Kg3 51. Rg4+ Kh2 52. Rxg7 Rxa6 53. Rg6 $11 (53. Rg4 f5 $11)) 49... Kg3 50. Rg4+ Kh2 51. Rxg7 {[%emt 0:00:00] [#] Black must now prevent a7.} Rxa6 52. Kd3 Ra2 53. Rg4 Rxg2 54. Rxh4 Kg3 55. Rg4+ Kxf3 56. Rxg2 Kxg2 57. Ke4 {[%emt 0:00:08] h4 would kill now.} f5+ 58. Kxf5 Kxh3 59. Ke4 {Black escapes into a draw.   Weighted Error Value: White=0.06 (flawless) /Black=0.05 (flawless) .  Mistake:       	White=1     	Black=1      Inaccurate:     	White=2     	---        OK:         	White=26    	Black=27     Best:        	White=1     	Black=2} 1/2-1/2

[Event "XII Cracow ICC-A 2024"]
[Site "Krakow"]
[Date "2024.06.22"]
[Round "1.6"]
[White "Donker, Roel"]
[Black "Vetoshko, Volodymyr"]
[Result "1/2-1/2"]
[ECO "D37"]
[WhiteElo "2270"]
[BlackElo "2505"]
[Annotator "RC"]
[PlyCount "107"]
[EventDate "2024.06.20"]
[EventType "swiss"]
[EventCountry "POL"]
[SourceTitle "playchess.com"]
[Source "ChessBase"]
[SourceQuality "1"]
[TimeControl "40/5400+30:1800+30"]

1. d4 Nf6 2. c4 e6 3. Nf3 d5 4. Nc3 a6 5. c5 Nc6 6. h3 Ne4 7. Bf4 g5 8. Bh2 Bg7 9. e3 f5 10. Bd3 O-O 11. O-O Bd7 12. Ne2 Be8 13. Rc1 Bh5 14. Ne5 Bxe5 15. Bxe5 Nxe5 16. dxe5 Qe7 17. b4 Bxe2 18. Qxe2 a5 19. a3 axb4 20. axb4 Qg7 21. Qb2 g4 22. hxg4 Qxg4 23. c6 b6 24. Ra1 Rae8 25. Qd4 Qg7 26. Ra2 Re7 27. Rfa1 Ng5 28. Kf1 Qh6 29. g3 Qh1+ 30. Ke2 Qh5+ 31. Kf1 Nf3 32. Qf4 Rg7 33. Ra8 Qh1+ 34. Ke2 Ng1+ 35. Kd2 Rg4 36. Rxf8+ Kxf8 37. Rxg1 Qxg1 38. Qh6+ Rg7 39. Ke2 Qa1 40. Qxe6 Qb2+ 41. Kf1 Re7 42. Qf6+ Rf7 43. Qd8+ Kg7 44. Qxd5 Qxb4 45. e6 Re7 46. Bxf5 Qc5 47. Qe4 Kg8 48. g4 b5 49. Qf4 b4 50. Qg5+ Kf8 51. Qf6+ Kg8 52. Qg5+ Kf8 53. Qf6+ Kg8 54. Qg5+ 1/2-1/2

[Event "XII Cracow ICC-A 2024"]
[Site "Krakow"]
[Date "2024.06.22"]
[Round "1.7"]
[White "Chatalbashev, Boris"]
[Black "Oksendal, Martin"]
[Result "1/2-1/2"]
[ECO "D85"]
[WhiteElo "2483"]
[BlackElo "2264"]
[Annotator "TA"]
[PlyCount "66"]
[EventDate "2024.06.20"]
[EventType "swiss"]
[EventCountry "POL"]
[SourceTitle "playchess.com"]
[Source "ChessBase"]
[SourceQuality "1"]
[TimeControl "40/5400+30:1800+30"]

1. d4 Nf6 2. c4 g6 3. Nc3 d5 4. cxd5 Nxd5 5. Bd2 c5 6. dxc5 Bg7 7. Rc1 (7. Qb3 $14 Nf6 8. g3) 7... O-O $11 8. e4 Nxc3 9. Bxc3 Qxd1+ 10. Kxd1 Rd8+ 11. Kc2 Bxc3 12. Kxc3 Be6 13. Bb5 {[%emt 0:20:09] Prevents Nd7} Nd7 14. Bxd7 Rxd7 15. Nf3 Rc7 16. Kb4 a5+ 17. Ka4 Rac8 18. Kxa5 Rxc5+ 19. Rxc5 Rxc5+ {[%emt 0:00:05][%mdl 4096] Endgame. KRB-KRN} 20. Kb6 Rc2 21. b4 {[%emt 0:00:06] Hoping for b5.} Rxa2 22. Rd1 Rxf2 23. Rd2 Rf1 (23... Rxd2 $11 24. Nxd2 f5) 24. Kxb7 {[%emt 0:03:38] Black must now prevent b5.} Rb1 25. Rd4 Rb2 26. Nd2 (26. Kb6 $14) 26... Kg7 {[%emt 0:04:14] The position is equal.} 27. e5 f6 28. exf6+ Kxf6 29. Kc6 Bf7 30. Kc5 Rc2+ 31. Kb6 Rb2 32. Kc5 Rc2+ 33. Kb6 Rb2 {[%emt 0:01:25] Weighted Error Value: White=0.08 (flawless) /Black=0.07 (flawless) .  Mistake:       	White=2     	Black=1      Inaccurate:     	White=1     	Black=1      OK:         	White=10    	Black=9      Best:        	White=1     	Black=5} 1/2-1/2

[Event "XII Cracow ICC-A 2024"]
[Site "Krakow"]
[Date "2024.06.22"]
[Round "1.8"]
[White "Stanojevic, Ilija"]
[Black "Kosakowski, Jakub"]
[Result "1/2-1/2"]
[ECO "D39"]
[WhiteElo "2260"]
[BlackElo "2480"]
[Annotator "RC"]
[PlyCount "105"]
[EventDate "2024.06.20"]
[EventType "swiss"]
[EventCountry "POL"]
[SourceTitle "playchess.com"]
[Source "ChessBase"]
[SourceQuality "1"]
[TimeControl "40/5400+30:1800+30"]

1. d4 d5 2. c4 e6 3. Nf3 Nf6 4. Nc3 Bb4 5. Bg5 dxc4 6. e4 c5 7. Bxc4 cxd4 8. Nxd4 Qa5 9. Bb5+ Bd7 10. Bd2 Bxb5 11. Ndxb5 Nxe4 12. Qf3 Nxc3 13. Nxc3 Qe5+ 14. Qe2 Nc6 15. Rc1 Qxe2+ 16. Kxe2 Nd4+ 17. Ke3 Nf5+ 18. Ke2 O-O 19. Rhd1 Bxc3 20. Rxc3 Nd4+ 21. Ke1 Nc6 22. Rb3 b6 23. Rc1 Rac8 24. Rbc3 Ne7 25. Rc7 Rxc7 26. Rxc7 Nc8 27. a4 h6 28. b4 Rd8 29. b5 Nd6 30. Rxa7 Ne4 31. Be3 Nc3 32. Bd2 Nd5 33. Be3 g5 34. g3 Kg7 35. h3 Kg6 36. g4 f5 37. Bd4 h5 38. f3 h4 39. a5 bxa5 40. b6 Nb4 41. b7 Nc6 42. Bb6 Rd3 43. Bc7 Rxf3 44. Ra6 Rb3 45. Rxc6 Rxb7 46. gxf5+ Kxf5 47. Rc5+ Ke4 48. Bxa5 Kf3 49. Rxg5 Rb1+ 50. Kd2 Rh1 51. Re5 Rxh3 52. Re3+ Kg2 53. Rxh3 1/2-1/2

[Event "XII Cracow ICC-A 2024"]
[Site "Krakow"]
[Date "2024.06.22"]
[Round "1.9"]
[White "Rozentalis, Eduardas"]
[Black "Pyrig, Roman"]
[Result "1-0"]
[ECO "B53"]
[WhiteElo "2476"]
[BlackElo "2260"]
[Annotator "TA"]
[PlyCount "75"]
[EventDate "2024.06.20"]
[EventType "swiss"]
[EventCountry "POL"]
[SourceTitle "playchess.com"]
[Source "ChessBase"]
[SourceQuality "1"]
[TimeControl "40/5400+30:1800+30"]

1. e4 c5 2. Nf3 d6 3. d4 cxd4 4. Qxd4 Nc6 5. Bb5 Bd7 6. Bxc6 Bxc6 7. Nc3 Nf6 8. Bg5 e6 9. O-O-O Be7 10. Rhe1 O-O 11. Kb1 Qa5 12. Qd2 Rfc8 (12... Qc7 $5) 13. Nd4 (13. Nd5 {seems wilder.} Qxd2 14. Nxe7+ Kf8 15. Nxd2 Kxe7 16. Nc4) 13... a6 (13... Qd8 $11) 14. f3 (14. Nd5 $14 Qxd2 15. Nxe7+ Kf8 16. Bxd2 (16. Rxd2 Kxe7 17. Bh4 Kf8 $16) 16... Kxe7 17. e5) 14... Qc7 {[%emt 0:13:56] The position is equal.} 15. g4 Be8 16. Nce2 b5 17. Ng3 a5 18. Nh5 Nxh5 19. gxh5 Bxg5 20. Qxg5 {[%emt 0:00:17][%cal Oe1g1] Rg1! is the strong threat.} Qd8 21. Qg3 Rc5 22. h6 $40 {[%emt 0:02:22][%mdl 128] White has some attack.} Rg5 23. Qf2 g6 24. f4 Rh5 25. Qd2 (25. f5 $14) 25... e5 $2 {[%emt 0:06:12] [#]} (25... Rc8 $11 {and Black is okay.}) 26. Nf5 $1 $18 {[%emt 0:03:11][%cal Of4e5][%mdl 512] aiming for fxe5!} Qf6 (26... gxf5 $2 27. Qg2+ $18) (26... Qc7 27. Nxd6) 27. Nxd6 (27. Qxd6 Qxd6 28. Nxd6 exf4 $17) 27... exf4 {[%emt 0:14:24] [#]} 28. e5 $1 Qe6 (28... Rxe5 $2 29. Rxe5 Qxe5 30. Re1 $18) 29. Qxf4 {[%emt 0:01:39] Strongly threatening Ne4.} Bc6 {[%emt 0:00:01] Black is weak on the dark squares} 30. h4 Rf8 31. Ne4 {[%emt 0:02:49] White is more active.} Bxe4 32. Rxe4 Rf5 (32... Re8 $16 {might work better.} 33. a3 Rf8 (33... Rxe5 34. Rxe5 Kf8 35. Rxe6 Rxe6 36. Qc7 Re8 37. Rd8 b4 38. Qd6+ Kg8 39. Rxe8#)) 33. Qe3 Re8 34. a3 b4 (34... Rxe5 35. Rxe5 Qxe5 36. Qxe5 Kf8 37. Qf6 (37. Qxb5 f5 38. Rd7 Re1+ 39. Ka2 Re8 40. Qc5+ Kg8 41. Qc4+ Kh8 42. Qd4+ Kg8 43. Qg7#) 37... Re4 38. Rd8+ Re8 39. Qd6+ Kg8 40. Rxe8#) (34... Kf8 $142 35. Qc5+ Qe7 36. Qxb5 Rxe5 37. Rxe5 Qxe5) 35. a4 (35. axb4 $6 axb4 36. b3 (36. Rxb4 Rxe5 37. Qc3 Qe7 $18) 36... Qc6 $18 (36... Rxe5 37. Rxe5 Qxe5 38. Qxe5 Kf8 39. Qf6 Re4 40. Rd8+ Re8 41. Qd6+ Kg8 42. Rxe8#)) 35... Qe7 (35... Rxe5 36. Rxe5 b3 37. Rxe6 fxe6 38. cxb3 Kf8 39. Qe5 Rc8 40. Qf6+ (40. Qxa5 Kf7 41. Rf1+ Ke8 42. Qa7 Rc6 43. Qg7 Rc1+ 44. Kxc1 Kd8 45. Rf8#) 40... Ke8 41. Qxe6+ Kf8 42. Rf1#) 36. b3 Rc8 $2 ({Inferior is} 36... Rxe5 37. Rxe5 Qxe5 38. Qxe5 Kf8 39. Qc5+ (39. Qxa5 f6 40. Rd7 f5 41. Qxb4+ Kg8 42. Qc4+ Kh8 43. Qd4+ Kg8 44. Qg7#) 39... Kg8 40. Qe7 (40. Qxa5 Kf8 41. Qxb4+ Kg8) 40... Rf8 41. Qf6 Re8 42. Qg7#) (36... Rh5 37. Rd5 Rxh4 38. Rxh4 (38. Rxa5 Rh1+ 39. Ka2 Qd7 $18) 38... Qxh4 39. Rxa5 Rc8) 37. e6 Qc7 38. Rc4 {[%emt 0:01:11] Weighted Error Value: White=0.13 (very precise) /Black=0.55.  Loses game:     	---       	Black=1      Mistake:       	White=2     	Black=4      Inaccurate:     	White=2     	Black=3      OK:         	White=10    	Black=8      Best:        	White=1     	---        Brilliant:      	White=2     	---} 1-0

[Event "XII Cracow ICC-A 2024"]
[Site "Krakow"]
[Date "2024.06.22"]
[Round "1.10"]
[White "Damen, Jip"]
[Black "Zwardon, Vojtech"]
[Result "1-0"]
[ECO "B31"]
[WhiteElo "2259"]
[BlackElo "2458"]
[Annotator "TA"]
[PlyCount "93"]
[EventDate "2024.06.20"]
[EventType "swiss"]
[EventCountry "POL"]
[SourceTitle "playchess.com"]
[Source "ChessBase"]
[SourceQuality "1"]
[TimeControl "40/5400+30:1800+30"]

1. e4 c5 2. Nf3 Nc6 3. Bb5 g6 4. O-O Bg7 5. Re1 e5 6. Bxc6 dxc6 7. d3 Be6 8. Be3 b6 9. a3 a5 {[%emt 0:00:19] White is slightly better.} 10. Qd2 Bg4 11. Qe2 h6 12. Nbd2 a4 13. h3 Be6 14. Nf1 (14. b4 $14) 14... Qc7 15. c3 Rd8 16. Rad1 Bb3 17. Rc1 Qd7 18. N1d2 Be6 19. Nc4 Qc7 20. Qc2 $36 {[%emt 0:06:34][%mdl 2048] White has the initiative.} b5 (20... Ra8 $11) 21. Ncd2 $16 {[%emt 0:00:28] A dynamic duo of knights.} Qd6 (21... Nf6 $16 {is a better defense.}) 22. c4 $18 b4 (22... Qxd3 $142 23. Qxd3 (23. Bxc5 Qxc2 24. Rxc2 Ne7 $14) 23... Rxd3 24. cxb5 (24. Bxc5 Ne7 $14) 24... cxb5) 23. Qxa4 bxa3 24. Qxa3 Qxd3 25. Rc3 ({Don't take} 25. Qxc5 Qd6 26. Nb3 Qe7 $18) (25. Bxc5 Qxa3 26. Bxa3 Nf6 $16) 25... Qd7 26. Qxc5 f6 27. Ra1 Bf8 28. Qb6 {[%emt 0:00:48] Threatens to win with Ra7.} Rh7 29. Ra6 Rc8 30. b4 ({White should play} 30. Qa5 $18) 30... Qb7 $16 31. c5 Qxb6 32. Rxb6 Ra7 33. Nc4 Bxc4 34. Rxc4 Be7 35. b5 {[%emt 0:01:05] White is more active.} Bd8 (35... cxb5 $16 {was worth a try.} 36. Rxb5 Bd8) 36. bxc6 $18 (36. Rxc6 Rxc6 37. bxc6 g5 $11) 36... g5 {[%emt 0:01:01] [#]} (36... Bc7 $16 37. Rc2 Ra1+ 38. Kh2 f5) 37. Rc1 $1 Rac7 38. Nd2 {[%emt 0:01:21][%cal Bf3d2,Bd2c4,Bc4b2][%mdl 32] Nc4 is the strong threat.} Rxc6 {[%emt 0:00:07] Black is weak on the light squares} 39. Rxc6 Rxc6 40. Nc4 Bc7 41. Ra1 {[%emt 0:32:00] Repels Ra6} Ne7 42. Ra8+ Kf7 (42... Bd8 $142 43. Nd6+ Kd7) 43. f3 Ng6 44. g3 h5 45. Nb2 {[%emt 0:05:10] Black must now prevent Nd3.} h4 $2 {[%emt 0:02:07] [#]} (45... Re6 46. Nc4 Ne7) 46. Nd3 hxg3 (46... Re6 $142 47. Nb4 Ke7) 47. Ra7 {[%emt 0:07:20] Weighted Error Value: White=0.18 (very precise) /Black=0.34.  Mistake:       	White=2     	Black=8      Inaccurate:     	White=2     	Black=2      OK:         	White=22    	Black=15     Best:        	White=2     	---} 1-0

[Event "XII Cracow ICC-A 2024"]
[Site "Krakow"]
[Date "2024.06.22"]
[Round "1.11"]
[White "Fus, Jakub"]
[Black "Marszalek, Maciej"]
[Result "1/2-1/2"]
[ECO "C73"]
[WhiteElo "2455"]
[BlackElo "2255"]
[Annotator "TA"]
[PlyCount "90"]
[EventDate "2024.06.20"]
[EventType "swiss"]
[EventCountry "POL"]
[SourceTitle "playchess.com"]
[Source "ChessBase"]
[SourceQuality "1"]
[TimeControl "40/5400+30:1800+30"]

1. e4 e5 2. Nf3 Nc6 3. Bb5 a6 4. Ba4 d6 5. Bxc6+ bxc6 6. d4 exd4 7. Qxd4 c5 8. Qd3 Be7 9. Nc3 Nf6 10. O-O O-O 11. Re1 h6 12. h3 Be6 13. Bf4 Re8 14. Rad1 Qc8 15. e5 Bf5 16. Qc4 Be6 17. Qe2 (17. exf6 Bxc4 18. fxe7 Be6 $19) 17... dxe5 18. Nxe5 Qb7 19. b3 (19. Qf3 {simplifies} Qxf3 20. Nxf3 Rac8 21. Be5) 19... Bd6 20. Bh2 (20. Bg3 {simplifies} Rad8 21. Qf3 Qxf3 22. Nxf3 Kf8 23. Rd2) 20... Bf5 (20... c4 {simplifies} 21. bxc4 Rad8 22. Qf3 Qxf3 23. Nxf3 Bxc4 24. Rxe8+ Nxe8 25. Bxd6 Rxd6 26. Nd4 g6) 21. Qc4 {[%emt 0:02:54] Dancing on a razor blade.} Be6 22. Qf1 (22. Qd3 {simplifies} Rad8 23. Qf3 Qxf3 24. Nxf3 Bf5 25. Rxe8+ Nxe8 26. Ne1) 22... Bf5 (22... Re7 {simplifies} 23. Nf3 Rae8 24. Be5 Bxe5 25. Rxe5 c4) 23. Na4 Bxc2 24. Rc1 Bf5 25. Qc4 Re7 26. Nxc5 Qb5 27. Qd4 Rae8 28. Re3 $1 a5 29. a3 Qb6 (29... Rd8 {seems wilder.} 30. b4 axb4 31. axb4 c6) 30. Rc4 (30. b4 $11) 30... Be6 {[%emt 0:02:51] A strong pair of Bishops.} 31. Rc1 Bc8 ({Black should try} 31... Bd5 $15) 32. b4 $11 axb4 33. axb4 Bb7 34. Bg3 Ba8 35. Rce1 (35. Ng4 $11 {keeps the balance.} Rxe3 36. Nxe3 (36. Nxf6+ gxf6 37. fxe3 Bxg3 $17)) 35... Qb5 (35... Nd5 $17 36. Nc4 Qxb4) 36. Ng4 Nxg4 37. Rxe7 Rxe7 38. Rxe7 Bxe7 39. hxg4 Bf6 (39... Qc6 $5 40. f3 $8 Qb6 $11) 40. Qf4 Qc6 {[%emt 0:00:44][%csl Ga8][%cal Rc6g2] [#]} 41. f3 {[%emt 0:30:13] Active counter play!} Bg5 42. Qd4 Qd5 43. Qxd5 {[%emt 0:00:10] White has an edge.} Bxd5 44. Bxc7 Be3+ 45. Kh2 Bxc5 {[%emt 0:00:03] Weighted Error Value: White=0.12 (very precise) /Black=0.11 (very precise) .  Mistake:       	White=2     	Black=2      Inaccurate:     	White=5     	Black=4      OK:         	White=14    	Black=15     Best:        	White=2     	---        Strong:       	White=1     	---} 1/2-1/2

[Event "XII Cracow ICC-A 2024"]
[Site "Krakow"]
[Date "2024.06.22"]
[Round "1.12"]
[White "Devnani Kush"]
[Black "Mirzoev, Azer"]
[Result "1/2-1/2"]
[ECO "D10"]
[WhiteElo "2250"]
[BlackElo "2448"]
[Annotator "RC"]
[PlyCount "73"]
[EventDate "2024.06.20"]
[EventType "swiss"]
[EventCountry "POL"]
[SourceTitle "playchess.com"]
[Source "ChessBase"]
[SourceQuality "1"]
[TimeControl "40/5400+30:1800+30"]

1. d4 d5 2. c4 c6 3. Nc3 Nf6 4. e3 g6 5. Nf3 Bg7 6. Be2 O-O 7. O-O a6 8. Bd2 Ne4 9. cxd5 Nxd2 10. Qxd2 cxd5 11. Rfc1 Nc6 12. h3 e6 13. Na4 Re8 14. Nc5 Qd6 15. Na4 Rb8 16. Qc2 Bf8 17. a3 h5 18. b4 Re7 19. Qc5 Qd8 20. Qb6 Bd7 21. Qxd8 Rxd8 22. Nb6 Be8 23. Rab1 Rc7 24. a4 Bd6 25. b5 axb5 26. axb5 Ne7 27. Nd2 f6 28. Nb3 Bf7 29. Ra1 e5 30. Bd3 exd4 31. exd4 Bf4 32. Rxc7 Bxc7 33. Na8 Bd6 34. Nb6 Bc7 35. Na8 Bd6 36. Nc5 Bxc5 37. dxc5 1/2-1/2